 Dungeon Crawl Stone Soup version 0.29-a0-334-gb41bcbb86e (webtiles) character file.

Game seed: 7445950635244381749

35 zeratav the Ruffian (level 3, -4/31 HPs)
             Began as a Naga Transmuter on Apr 14, 2022.
             Slain by a gnoll
             ... wielding a +0 flail
              (6 damage)
             ... on level 1 of the Dungeon.
             The game lasted 00:03:02 (1727 turns).

zeratav the Ruffian (Naga Transmuter)               Turns: 1727, Time: 00:03:02

Health: -4/31      AC:  4    Str: 14    XL:     3   Next: 35%
Magic:  5/6        EV:  7    Int: 13    God:
Gold:   86         SH:  0    Dex: 11    Spells: 5/6 levels left

rFire   . . .      SeeInvis +   f - +2 short sword (venom) {short}
rCold   . . .      Faith    .   (no shield)
rNeg    . . .      Spirit   .   q - +0 scale mail
rPois   +          Reflect  .   (helmet currently unavailable)
rElec   .          Harm     .   (no cloak)
rCorr   .          Rampage  .   (no gloves)
Will    .....                   (no barding)
Stlth   ..........              (no amulet)
HPRegen 0.10/turn               t - ring of flight
MPRegen 0.10/turn               (no ring)

@: appendages (expiring), flying, very slow
A: horns 2, AC +1, large, see invisible, deformed body, poison resistance,
slowness 2, spit poison 1, naga tail 1
a: Spit Poison, End Transformation


You were on level 1 of the Dungeon.
You had temporarily grown beastly horns.
You visited 1 branch of the dungeon, and saw 2 of its levels.

You collected 86 gold pieces.


Innate Abilities, Weirdness & Mutations

You have temporarily grown beastly horns.
Your serpentine skin is tough. (AC +1)
You have supernaturally acute eyesight. (SInv)
Armour fits poorly on your strangely shaped body.
Your system is resistant to poisons. (rPois)
You cover ground very slowly.
You can spit poison.
You have a snake-like lower body.


   Skills:
 + Level 1.5 Fighting
 + Level 0.5 Armour
 + Level 1.8 Dodging
 + Level 1.6 Stealth
 * Level 3.5 Unarmed Combat
 - Level 2.0 Spellcasting
 - Level 2.0 Transmutations


You had 5 spell levels left.
You knew the following spells:

 Your Spells              Type           Power      Damage    Failure   Level
a - Beastly Appendage     Tmut           12%        N/A       45%         1

Your spell library contained the following spells:

 Spells                   Type           Power      Damage    Failure   Level
 Wereblood                Tmut           6%         N/A       58%         2
 Spider Form              Tmut/Pois      3%         N/A       92%         3
 Ice Form                 Ice/Tmut       3%         N/A       100%        4

Inventory:

Hand Weapons
 f - a +2 short sword of venom (weapon) {short}
   (You took it off a kobold on level 1 of the Dungeon)
Armour
 q - a +0 scale mail (worn)
   (You found it on level 2 of the Dungeon)
Jewellery
 t - a ring of flight (left hand)
   (You found it on level 2 of the Dungeon)
Scrolls
 a - a scroll of enchant armour {unknown}
 c - a scroll of fog {unknown}
 e - 2 scrolls of magic mapping {unknown}
 i - 2 scrolls of vulnerability {unknown}
 j - a scroll of amnesia {unknown}
 k - 4 scrolls of teleportation {unknown}
 l - 2 scrolls of identify {unknown}
 m - a scroll of enchant weapon {unknown}
 o - 2 scrolls of noise {unknown}
 r - a scroll of summoning {unknown}
Potions
 b - a potion of lignification {!q}
 d - 2 potions of might {unknown}
 g - a potion of heal wounds {unknown}
 h - a potion of degeneration {unknown}
 n - 2 potions of curing {unknown}
 p - 2 potions of attraction {unknown}
 s - a potion of magic {unknown}
 u - a potion of cancellation {unknown}

Dungeon Overview and Level Annotations

Branches:
Dungeon (2/15)

Altars:
Makhleb

#....########...# #.#
#...............# #.#
#...#########.#.# #.#
....#
#.#.########.########
#...#
#......##............
#...#
###...........#######
#...#
##.#......##..##
#...#
###.###..........#
##..##
#....#@#.##......#
###.#
#.###g##.##.#....#
#.# #.#
#.##.##...#.)# #.#
#.# #.##.###.##..#
#.# #.#
#.##.###.##..# #.#
#)# #.##.....#...#
#.# #.#
#.##..####.#.#
###.### #.#
#.##..####...#
#.....#
##.###.##..#.)..#.#


You could see a gnoll (very poisoned).


Message History

i - 2 scrolls labelled DIMAEL APEHO (gained 1)
There is an empty arch of ancient stone here.
An endoplasm comes into view.
The endoplasm quivers.
The endoplasm moves out of view.
Found a stone staircase leading up.
An endoplasm is nearby!
You grow a pair of large bovine horns.
The endoplasm freezes you.
You are frozen.
HP[-2] MP[-1]
You take 2 damage, and now have 29/31 hp.
You lost 1 mp, and now have 5/6 mp.
You barely miss the endoplasm.
You headbutt the endoplasm, but do no damage.
The endoplasm hits you but does no damage.
You hit the endoplasm. The endoplasm hits you.
HP[-1]
You take 1 damage, and now have 28/31 hp.
You hit the endoplasm.
You kill the endoplasm!
No target in view!
No target in view!
No target in view!
No target in view!
No target in view!
No target in view!
No target in view!
No target in view!
No target in view!
Your transformation is almost over.
Your horns disappear.
t - a ring of flight HP[+3] MP[+1]
Your hp is fully restored (31).
Your mp is fully restored (6).
You fly up into the air.
t - a ring of flight (left hand)
u - a white potion
Found a burning altar of Makhleb.
There is a stone staircase leading up here.
You see here a +0 whip {mace}.
A gnoll comes into view. It is wielding a +0 club.
Found a stone staircase leading up.
The gnoll shouts!
A gnoll comes into view. It is wielding a +0 whip.
There are monsters nearby!
You miscast Beastly Appendage.
You are very lightly contaminated with residual magic.
Nothing appears to happen.
The gnoll shouts!
A gnoll comes into view. It is wielding a +0 spear.
A gnoll comes into view. It is wielding a +0 flail.
MP[-1]
You lost 1 mp, and now have 5/6 mp.
The gnoll shouts! x2
Casting: Beastly Appendage (safe; 45% risk of failure)
Confirm with . or Enter, or press ? or * to list all spells.
You miscast Beastly Appendage.
Nothing appears to happen.
MP[-1]
You lost 1 mp, and now have 4/6 mp.
The gnoll closely misses you.
Casting: Beastly Appendage (safe; 45% risk of failure)
Confirm with . or Enter, or press ? or * to list all spells.
You grow a pair of large bovine horns.
The gnoll hits you with a +0 club.
HP[-2] MP[-1]
You take 2 damage, and now have 29/31 hp.
You lost 1 mp, and now have 3/6 mp.
You completely miss the gnoll. You headbutt the gnoll.
The gnoll hits you from afar with a +0 spear!
The gnoll barely misses you.
HP[-9]
You take 9 damage, and now have 20/31 hp.
MASSIVE DAMAGE!! (PAUSE)
You hit the gnoll but do no damage.
The gnoll is poisoned.
You punch the gnoll. The gnoll hits you but does no damage.
MP[+1]
The gnoll attacks as you move away! The gnoll barely misses you.
HP[+1]
The gnoll attacks as you move away! The gnoll hits you with a +0 flail.
Your transformation is almost over.
The gnoll barely misses you.
The gnoll hits you from afar with a +0 spear.
* * * LOW HITPOINT WARNING * * *
Your magical contamination has completely faded away.
HP[-9]
You take 9 damage, and now have 12/31 hp.
MASSIVE DAMAGE!! (PAUSE)
There is a stone staircase leading up here.
The gnoll hits you with a +0 flail!
* * * LOW HITPOINT WARNING * * *
The gnoll hits you from afar with a +0 spear.
* * * LOW HITPOINT WARNING * * *
You fly upwards.
There is a stone staircase leading down here.
HP[-10]
You take 10 damage, and now have 2/31 hp.
MASSIVE DAMAGE!! (PAUSE)
You hit the gnoll.
The gnoll is poisoned.
You headbutt the gnoll. The gnoll hits you with a +0 flail.
You die...

Skill      XL: |  1  2 |
---------------+-------+-----
Stealth        | 1 |  1.6
Fighting       | |  1.5
Armour         | |  0.5
Dodging        | |  1.8
Unarmed Combat | |  3.5
Spellcasting   | |  2.0
Transmutations | |  2.0

Action                   || total
-------------------------++-------
Melee: Short sword       ||    51
       Unarmed           ||     6
       Headbutt          ||     6
       Punch             ||     2
 Cast: Beastly Appendage ||    17
 Stab: Sleeping          ||     4
Armor: Robe              ||     5
       Scale mail        ||     3
Dodge: Dodged            ||    27

Levels and vault maps discovered:
D:1:      erik_arrival_orb_chamber, layout_loops_ring
D:2:      layout_rooms, serial_shops, nicolae_shop_waterfront,
          hellmonk_ecumenical_altar_crossroads, basic_altar

Notes
Turn   | Place    | Note
-------+----------+-------------------------------------------
     0 | D:1      | zeratav the Naga Transmuter began the quest for the Orb.
     0 | D:1      | Reached XP level 1. HP: 18/18 MP: 3/3
     0 | D:1      | magus.rc [v1.9.6]
   256 | D:1      | Reached XP level 2. HP: 24/25 MP: 3/5
   298 | D:1      | Reached skill level 1 in Stealth
  1205 | D:2      | Reached XP level 3. HP: 17/31 MP: 6/6
  1419 | D:2      | Found a faded altar of an unknown god.
  1614 | D:2      | Found a burning altar of Makhleb.
  1725 | D:2      | HP: 5/31 [gnoll/+0 flail (7)]
  1725 | D:2      | HP: 2/31 [gnoll/+0 spear (3)]
  1727 | D:1      | Slain by a gnoll

Vanquished Creatures
  An adder (D:2)
  A dart slug (D:1)
  2 ball pythons (D:1)
  3 bats
  5 endoplasms
  3 giant cockroaches
  A hobgoblin (D:1)
  2 kobolds
  2 frilled lizards (D:1)
  A goblin (D:1)
21 creatures vanquished.

Table legend:
 A = Non-vault XP
 B = Vault XP
 C = Vault XP percentage of total XP
 D = Non-vault monster count
 E = Vault monster count
 F = Vault count percentage of total count
                 A         B        C        D         E       F
            +---------+---------+-------+---------+---------+-------
      Total |      51 |       0 |   0.0 |      21 |       0 |   0.0
            +---------+---------+-------+---------+---------+-------
        D:1 |      24 |       0 |   0.0 |      13 |       0 |   0.0
        D:2 |      27 |       0 |   0.0 |       8 |       0 |   0.0
            +---------+---------+-------+---------+---------+-------

Illustrated notes

Table legend:
 A = Kills in this place as a percentage of kills in entire the game.
 B = Kills by you in this place as a percentage of kills by you in the entire game.
 C = Kills by friends in this place as a percentage of kills by friends in the entire game.
 D = Other kills in this place as a percentage of other kills in the entire game.
 E = Experience gained in this place as a percentage of experience gained in the entire game.
 F = Experience gained in this place divided by the number of levels of this place that you have seen.
                   A       B       C       D       E      F
               +-------+-------+-------+-------+-------+----------------------
         Total | 100.0 | 100.0 |   N/A |   N/A | 100.0 |  25.5
       Dungeon | 100.0 | 100.0 |   N/A |   N/A | 100.0 |  25.5
               +-------+-------+-------+-------+-------+----------------------

Table legend: (Time is in decaauts)
 A = Elapsed time spent in this place.
 B = Non-inter-level travel time spent in this place.
 C = Inter-level travel time spent in this place.
 D = Time resting spent in this place.
 E = Time spent auto-exploring this place.
 F = Levels seen in this place.
 G = Mean time per level.
                   A        B        C        D        E       F      G
               +--------+--------+--------+--------+--------+-----+--------+
         Total |   2073 |   2046 |     27 |    263 |   1525 |   2 | 1036.5 |
       Dungeon |   2073 |   2046 |     27 |    263 |   1525 |   2 | 1036.5 |
               +--------+--------+--------+--------+--------+-----+--------+

Top non-repeatable levels by time:
     D:1: 1327 daAuts
     D:2: 746 daAuts
